 Dungeon Crawl Stone Soup version 0.23.2 (webtiles) character file.

Game seed: 12315184188328367000

30 Freyura the Skirmisher (level 3, 0/23 HPs)
             Began as a Gargoyle Fighter on Apr 1, 2019.
             Slain by an adder (3 damage)
             ... on level 2 of the Dungeon.
             The game lasted 00:02:09 (982 turns).

Freyura the Skirmisher (Gargoyle Fighter)            Turns: 982, Time: 00:02:09

Health: 0/23       AC: 12    Str: 19    XL:     3   Next: 20%
Magic:  3/3        EV:  5    Int:  8    God:
Gold:   72         SH:  9    Dex: 10    Spells: 2/2 levels left

rFire    . . .     SeeInvis .   a - +0 flail
rCold    . . .     Gourm    .   c - +0 shield
rNeg     + . .     Faith    .   n - +0 chain mail
rPois    ∞         Spirit   .   (no helmet)
rElec    +         Reflect  .   (no cloak)
rCorr    .         Harm     .   (no gloves)
MR       .....                  (no boots)
Stlth    ..........             (no amulet)
HPRegen  0.07/turn              (no ring)
MPRegen  0.08/turn              (no ring)

@: no status effects
A: negative energy resistance 1, electricity resistance, unbreathing,
petrification resistance, rot immunity, AC +3
a: no special abilities


You were on level 2 of the Dungeon.
You were not hungry.

You visited 1 branch of the dungeon, and saw 2 of its levels.

You collected 72 gold pieces.

Inventory:

Hand Weapons
 a - a +0 flail (weapon)
Armour
 b - a +0 scale mail
 c - a +0 shield (worn)
 n - a +0 chain mail (worn)
Scrolls
 g - 2 scrolls of amnesia {unknown}
 k - 2 scrolls of identify {unknown}
 m - a scroll of enchant weapon {unknown}
 o - 3 scrolls of immolation {unknown}
Potions
 d - a potion of might
 e - 2 potions of resistance {unknown}
 h - 2 potions of invisibility {unknown}
 i - a potion of curing {unknown}
 j - 3 potions of agility {unknown}
 l - a potion of cancellation {unknown}
Comestibles
 f - 2 rations


   Skills:
 + Level 3.6 Fighting
 * Level 2.7 Maces & Flails
 + Level 3.5 Armour
 + Level 3.6 Shields


You had 2 spell levels left.
You didn't know any spells.
Your spell library was empty.

Dungeon Overview and Level Annotations

Branches:
Dungeon (2/15)

Altars:


Innate Abilities, Weirdness & Mutations

You are resistant to torment.
Your stone body is resilient. (AC +3)
You are immune to poison.
You resist negative energy. (rN+)
You are resistant to electric shocks. (rElec)
You can survive without breathing.
You are immune to petrification.
You are immune to rotting.


Message History

The adder closely misses you. The adder bites you but does no damage.
You miss the adder.
The adder is heavily wounded.
The adder barely misses you. The adder closely misses you.
The adder barely misses you. You block the adder's attack.
You closely miss the adder.
The adder is heavily wounded.
You block the adder's attack. The adder barely misses you.
You miss the adder.
The adder is heavily wounded.
The adder bites you but does no damage. You block the adder's attack.
The adder bites you but does no damage. The adder closely misses you.
You closely miss the adder.
The adder is heavily wounded.
The adder bites you but does no damage. You block the adder's attack.
The adder bites you but does no damage.
Your shield and chain mail prevent you from hitting the adder.
The adder is heavily wounded.
The adder bites you.
You die...

...............
................
................#
....$...........#
................#.....#
..$.............#.....#
........S.......#.....#
.......@S.......+.....#
........†.......#.....#
................#.....#
######....#####.......#
#....# ##......# #....#
#......# #....#
#......# #....#
#.##+### ###### #..#.#


You could see 2 adders.

Vanquished Creatures
  An adder (D:2)
  A dart slug (D:1)
  A worm (D:2)
  2 leopard geckos (D:1)
  2 goblins (D:1)
  5 bats (D:1)
  A kobold (D:1)
  6 rats (D:1)
19 creatures vanquished.

Notes
Turn   | Place    | Note
-------+----------+-------------------------------------------
     0 | D:1      | Freyura the Gargoyle Fighter began the quest for the Orb.
     0 | D:1      | Reached XP level 1. HP: 14/14 MP: 1/1
   146 | D:1      | Reached XP level 2. HP: 19/19 MP: 2/2
   956 | D:2      | Reached XP level 3. HP: 11/23 MP: 3/3
   982 | D:2      | Slain by an adder

Action                   || total
-------------------------++-------
Melee: Flail             ||    93
Armor: Scale mail        ||    40
       Chain mail        ||    33
Dodge: Dodged            ||    40
Block: Shield            ||    62
